 Dungeon Crawl Stone Soup version 0.30-b1-2-g02819fbbbe (webtiles) character file.

Game seed: 11626503175104496367

18 Alarkh the Charlatan (level 2, 23/23 HPs)
             Began as a Demonspawn Artificer on July 11, 2023.
             Got out of the dungeon alive.
             The game lasted 00:01:06 (349 turns).

Alarkh the Charlatan (Demonspawn Artificer)          Turns: 349, Time: 00:01:06

Health: 23/23      AC:  3    Str: 12    XL:     2   Next: 48%
Magic:  2/2        EV: 11    Int: 12    God:
Gold:   6          SH:  0    Dex: 13    Spells: 1/1 levels left

rFire   . . .        i - +0 short sword
rCold   . . .        (no shield)
rNeg    . . .        b - +0 leather armour
rPois   .            (no helmet)
rElec   .            (no cloak)
rCorr   .            (no gloves)
SInv    .            (no boots)
Will    .....        g - amulet of guardian spirit
Stlth   +            (no ring)
HPRegen 0.23/turn    (no ring)
MPRegen 0.08/turn

%: guardian spirit
@: no status effects
A: sanguine armour 1
a: no special abilities


You escaped.
You visited 1 branch of the dungeon, and saw 1 of its levels.

You collected 6 gold pieces.

Inventory:

Hand Weapons
 a - a +0 club
 i - a +0 short sword (weapon)
Armour
 b - a +0 leather armour (worn)
Jewellery
 g - an amulet of guardian spirit (around neck)
Wands
 c - a wand of flame (13) (quivered)
 d - a wand of charming (13)
 e - a wand of iceblast (5)
Scrolls
 f - a scroll of immolation {unknown}
 h - a scroll of teleportation {unknown}
 j - a scroll of enchant armour {unknown}


   Skills:
 + Level 2.5 Fighting
 - Level 1.7 Armour
 - Level 0.8 Dodging
 - Level 0.8 Stealth
 - Level 3.0 Evocations


You had one spell level left.
You didn't know any spells.
Your spell library was empty.

Dungeon Overview and Level Annotations

Branches:
Dungeon (1/15)

Altars:


Innate Abilities, Weirdness & Mutations

When seriously injured, your blood forms armour. (AC +0)


Message History

The giant cockroach dies!
A rat comes into view.
What are your orders? t - Shout!
Orders for allies: a - Attack new target. r - Retreat! s - Stop attacking. g - Guard the area. f - Follow me.
Anything else - Cancel.
Gang up on whom?
Press: ? - help, Dir - move target, f - rat
Aim: a rat (ally target) Attack!
Your gnoll barely misses the rat.
Your gnoll hits the rat with a +0 spear.
The rat dies!
The gnoll is no longer charmed.
A gnoll is nearby!
You don't know any spells.
You don't know any spells.
Aiming: Throw Flame
Press: ? - help, Shift-Dir - straight line, f - gnoll
Aim: a gnoll, wielding a +0 spear (moderately wounded, 75% to hit)
The puff of flame hits the gnoll!
The gnoll is almost dead.
Aiming: Throw Flame
Press: ? - help, Shift-Dir - straight line, f/p - gnoll
Aim: a gnoll, wielding a +0 spear (almost dead, 75% to hit)
The puff of flame hits the gnoll.
You kill the gnoll!
Saving game... please wait.
Welcome back, Alarkh the Demonspawn Artificer.
Press ? for a list of commands and other information.
j - a scroll labelled YFFAT RUJA You see here a +0 spear.
There is an open door here.
There is an open door here.
There is an open door here.
There is a staircase leading out of the dungeon here.
Are you sure you want to leave the Dungeon?
This will make you lose the game!
You have escaped!

#..# #..# #.# #.##..##...
##.## ##.#
#+#####.###.##....... #..##
#.. #..#....##.....#...##
##..# ##.#
#..'............##.# ##.##
.. #..#....##......##.#
#..##
#.##'#####.........##.#
##..##
#.#.#...#..####.#....#
##..###
#.#...#).####.#.##.#
##...###.'.@.#..........#.#
###...###...#..######..#..
#.#...#####.....# #..####
#...............# #..#
###...######.#### #..#
###........######..#
########.........#
#......#.## #.######.#


There were no monsters in sight!

Vanquished Creatures
  A gnoll (D:1)
  2 giant cockroaches (D:1)
  A hobgoblin (D:1)
  A bat (D:1)
  2 kobolds (D:1)
  2 rats (D:1)
9 creatures vanquished.

Vanquished Creatures (collateral kills)
  A giant cockroach (D:1)
  A hobgoblin (D:1)
  A kobold (D:1)
  A rat (D:1)
4 creatures vanquished.

Grand Total: 13 creatures vanquished

Notes
Turn   | Place    | Note
-------+----------+-------------------------------------------
     0 | D:1      | Alarkh the Demonspawn Artificer began the quest for the
                  | Orb.
     0 | D:1      | Reached XP level 1. HP: 15/15 MP: 1/1
   293 | D:1      | Gained mutation: When seriously injured, your blood forms
                  | armour. (AC +0) [demonic ancestry]
   293 | D:1      | Reached XP level 2. HP: 15/22 MP: 2/2
   349 | D:$      | Got out of the dungeon alive.

Illustrated notes

Levels and vault maps discovered:
D:1:      arrival_zaba_pyramid, layout_basic, grunt_decor_clamped, st_stairs_2

Skill      XL: |  1 |
---------------+----+-----
Fighting       | 2 |  2.5
Armour         | |  1.7
Dodging        | |  0.8
Stealth        | |  0.8
Evocations     | |  3.0

Action                     || total
---------------------------++-------
  Melee: Club              ||    31
         Short sword       ||    16
  Evoke: Wand              ||     4
 Armour: Leather armour    ||    16
  Dodge: Dodged            ||    37
